Avalanche vs Islanders
Created - May 16, 2022 at 19:31
Goals
|
| Avalanche |
0 |
0 |
2 |
2 |
| Islanders |
0 |
4 |
1 |
5 |
|
Shots
|
| Avalanche |
7 |
8 |
6 |
21 |
| Islanders |
2 |
17 |
16 |
35 |
|
1st period
No Goal
Penalties :
William Karlsson (NyI) for Roughing (Minor) at 7:02, Tomas Fleischmann (Col) for Slashing (Minor) at 10:29, Ilya Kovalchuk (Col) for Delaying the game (Minor) at 15:43
2nd period
1. Islanders , Brock McGinn 17 (Vladimir Tarasenko 40, Yann Sauvé 13) at 0:17
2. Islanders , Sergei Plotnikov 15 (Craig Smith 25, William Karlsson 14) at 1:33
3. Islanders , Frans Nielsen 20 (Vladimir Tarasenko 41) at 10:05
4. Islanders , Rick Nash 14 (William Karlsson 15, Ryan Ellis 60) at 10:47
Penalties :
Martin Samuelsson (Col) for Elbowing (Minor) at 17:39
3rd period
5. Avalanche , James Van Riemsdyk 16 (Charlie Coyle 30, Erik Karlsson 29) at 5:45
6. Avalanche , Evgeny Dadonov 20 (Joel Edmundson 5) at 6:15
7. Islanders , Brock McGinn 18 (Marc-Édouard Vlasic 13, Vladimir Tarasenko 42) at 16:10
Penalties :
Vincent Trocheck (Col) for Holding Stick (Minor) at 9:53, James Van Riemsdyk (Col) for Hooking (Minor) at 12:54
Goalie Stats
Cam Ward (Col), 8 saves from 12 shots - (0.667), L, 22-17-3, 30:47 minutes
Semyon Varlamov (Col), 22 saves from 23 shots - (0.957), 29:13 minutes
Ryan Miller (NyI), 19 saves from 21 shots - (0.905), W, 21-25-5, 60:00 minutes
Players Stats for Avalanche
Player Name G A P +/- PIM S H SB GA TA FO MP PP MP PK MP
------------------------------------------------------------------------------------
Bryan Little 0 0 0 -1 0 2 1 0 1 0 9/19 16:01 1:04 1:19
Charlie Coyle 0 1 1 1 0 3 0 0 2 0 10/20 19:36 0:00 4:43
Colten Teubert 0 0 0 -3 0 0 0 3 0 2 0/0 21:13 1:16 4:10
Erik Karlsson 0 1 1 0 0 0 0 2 0 1 0/0 15:31 0:00 0:00
Evgeny Dadonov 1 0 1 1 0 2 0 0 0 0 0/0 13:45 0:00 0:00
Ilya Kovalchuk 0 0 0 -1 2 0 2 1 0 1 2/2 14:42 1:04 0:00
Jack Johnson 0 0 0 0 0 0 0 0 0 1 0/0 21:21 0:00 5:19
James Van Riemsdyk 1 0 1 1 2 1 2 0 0 0 1/1 15:07 0:00 1:04
Joel Edmundson 0 1 1 -3 0 0 1 0 0 0 0/0 17:17 0:43 0:55
Kyle Turris 0 0 0 0 0 0 1 0 0 0 4/6 10:50 0:22 2:42
Luke Witkowski 0 0 0 0 0 1 1 1 0 2 0/0 14:46 0:46 5:11
Marc Staal 0 0 0 0 0 2 2 7 0 1 0/0 23:16 0:43 5:45
Martin Samuelsson 0 0 0 0 2 2 0 0 0 0 0/0 11:34 0:46 2:46
Mattias Ekholm 0 0 0 0 0 1 2 2 0 1 0/0 21:22 1:16 3:41
Mikkel Boedker 0 0 0 -1 0 1 2 0 0 1 0/1 15:14 1:04 0:06
Pavel Buchnevich 0 0 0 -3 0 3 1 0 0 1 0/1 12:09 0:42 0:00
Tomas Fleischmann 0 0 0 -3 2 0 1 1 0 0 0/0 12:01 0:09 0:00
Vincent Trocheck 0 0 0 -3 2 3 2 1 0 0 4/8 14:15 0:00 1:59
Players Stats for Islanders
Player Name G A P +/- PIM S H SB GA TA FO MP PP MP PK MP
------------------------------------------------------------------------------------
Andrew Shaw 0 0 0 0 0 1 1 0 0 0 0/0 8:58 0:00 0:00
Brock McGinn 2 0 2 3 0 2 2 1 1 0 0/0 22:22 5:23 0:24
Craig Smith 0 1 1 0 0 1 0 0 1 0 0/1 10:08 0:00 0:00
Fedor Tyutin 0 0 0 0 0 0 1 2 0 1 0/0 21:03 3:27 0:49
Frans Nielsen 1 0 1 3 0 6 3 0 2 0 18/35 23:13 5:40 0:43
Justin Falk 0 0 0 0 0 0 0 1 0 1 0/0 11:31 0:00 0:00
Marc-Édouard Vlasic 0 1 1 0 0 1 0 2 1 1 0/0 11:31 0:00 0:00
Melker Karlsson 0 0 0 0 0 1 0 0 0 0 4/8 10:08 0:00 0:00
Michael Latta 0 0 0 0 0 1 0 2 0 0 0/0 8:58 0:00 0:00
Nikita Zadorov 0 0 0 0 0 2 0 0 0 0 0/0 21:03 3:27 0:49
Pierre-Edouard Bellemare 0 0 0 0 0 0 0 0 0 0 0/1 12:42 0:00 0:43
Rick Nash 1 0 1 0 0 2 1 1 0 0 1/2 17:22 4:15 0:57
Ryan Ellis 0 1 1 3 0 3 0 3 4 0 0/0 27:26 6:28 1:10
Sergei Plotnikov 1 0 1 0 0 7 0 0 0 0 0/0 14:55 4:15 0:12
Vladimir Tarasenko 0 3 3 3 0 4 2 0 1 0 1/3 23:14 5:40 0:59
William Karlsson 0 2 2 0 2 1 1 1 0 0 4/8 16:39 4:15 0:00
Yann Sauvé 0 1 1 3 0 2 3 3 1 0 0/0 27:26 6:28 1:10
Zac Rinaldo 0 0 0 0 0 1 0 0 0 0 0/0 9:21 0:17 0:00
3 Stars
1 - Brock McGinn (NyI)
2 - Vladimir Tarasenko (NyI)
3 - Frans Nielsen (NyI)
Power Play
Avalanche - 0 on 1 Attempt(s) - 0.00%
Islanders - 0 on 5 Attempt(s) - 0.00%
Penalty Kill
Avalanche - 5 on 5 Attempt(s) - 100.00%
- Score 0 goal in Penalty Kill
Islanders - 1 on 1 Attempt(s) - 100.00%
- Score 0 goal in Penalty Kill
Team Stat
Avalanche - Hits : 18 - Faceoff Wins : 30 - Blocked Shots : 18 - Penalty Minutes : 10
Islanders - Hits : 14 - Faceoff Wins : 28 - Blocked Shots : 16 - Penalty Minutes : 2
Official
Referees : Gord Dwyer and Marc Joannette
Linesman : Scott Cherrey and Tony Sericolo
Game Notes
Semyon Varlamov enters game at 10:47 of 2nd period
Finance
Level 1 -- Attendance: 6000 (100.00%) -- Ticket Income $600,000
Level 2 -- Attendance: 4937 (98.74%) -- Ticket Income $296,220
Level 3 -- Attendance: 1969 (98.45%) -- Ticket Income $68,915
Level 4 -- Attendance: 4000 (100.00%) -- Ticket Income $100,000
Luxury Box -- Attendance: 974 (97.40%) -- Ticket Income $194,800
Game was played at the Nassau Coliseum.
Total Attendance: 17880 (99.33%)
Total Ticket Income: $1,259,935
Other Income: $188,990
Total Income: $1,448,925
Avalanche
5 vs 5 Forward
Center Left Wing Right Wing Time % Phy DF OF
1 Bryan Little Mikkel Boedker Ilya Kovalchuk 35 1 2 2
2 Charlie Coyle James Van Riemsdyk Evgeny Dadonov 30 1 2 2
3 Vincent Trocheck Tomas Fleischmann Pavel Buchnevich 20 1 2 2
4 Kyle Turris Martin Samuelsson Luke Witkowski 15 1 2 2
5 vs 5 Defense
Defense Defense Time % Phy DF OF
1 Jack Johnson Erik Karlsson 35 1 2 2
2 Mattias Ekholm Marc Staal 35 1 2 2
3 Colten Teubert Joel Edmundson 30 1 2 2
4 Jack Johnson Marc Staal 0 1 2 2
PowerPlay Forward
Center Left Wing Right Wing Time % Phy DF OF
1 Bryan Little Mikkel Boedker Ilya Kovalchuk 60 1 2 2
2 Charlie Coyle James Van Riemsdyk Evgeny Dadonov 40 1 2 2
PowerPlay Defense
Defense Defense Time % Phy DF OF
1 Jack Johnson Erik Karlsson 60 1 2 2
2 Colten Teubert Mattias Ekholm 40 1 2 2
Penalty Kill 4 Players Forward
Center Wing Time % Phy DF OF
1 Charlie Coyle Luke Witkowski 60 1 2 2
2 Kyle Turris Martin Samuelsson 40 1 2 2
Penalty Kill 4 Players Defense
Defense Defense Time % Phy DF OF
1 Jack Johnson Marc Staal 60 1 2 2
2 Colten Teubert Mattias Ekholm 40 1 2 2
Penalty Kill - 3 Players Forward
Forward Time % Phy DF OF
1 Mikkel Boedker 60 1 2 2
2 Bryan Little 40 1 2 2
Penalty Kill - 3 Players Defense
Defense Defense Time % Phy DF OF
1 Jack Johnson Marc Staal 60 1 2 2
2 Erik Karlsson Mattias Ekholm 40 1 2 2
4 vs 4 Forward
Center Wing Time % Phy DF OF
1 Mikkel Boedker Bryan Little 60 1 2 2
2 Ilya Kovalchuk Charlie Coyle 40 1 2 2
4 vs 4 Defense
Defense Defense Time % Phy DF OF
1 Jack Johnson Marc Staal 60 1 2 2
2 Erik Karlsson Mattias Ekholm 40 1 2 2
Last Minutes Offensive
Center Left Wing Right Wing Defense Defense
Bryan Little Mikkel Boedker Ilya Kovalchuk Jack Johnson Marc Staal
Last Minutes Defensive
Center Left Wing Right Wing Defense Defense
Bryan Little Mikkel Boedker Ilya Kovalchuk Jack Johnson Marc Staal
Goaltenders
Starting : Cam Ward
Backup : Semyon Varlamov
Extra Forwards
Normal : Luke Witkowski, James Van Riemsdyk, Vincent Trocheck - PP : Luke Witkowski, James Van Riemsdyk - PK : Vincent Trocheck
Extra Defensemen
Normal : Colten Teubert, Joel Edmundson, Erik Karlsson - PP : Colten Teubert - PK : Joel Edmundson, Erik Karlsson
Penalty Shots
Mikkel Boedker, Bryan Little, Ilya Kovalchuk, Charlie Coyle, Evgeny Dadonov
Scratches
Patric Hornqvist (Fractured Metatarsal (Right Foot) Injury)
Islanders
5 vs 5 Forward
Center Left Wing Right Wing Time % Phy DF OF
1 Frans Nielsen Brock McGinn Vladimir Tarasenko 40 1 2 2
2 William Karlsson Pierre-Edouard Bellemare Rick Nash 30 1 2 2
3 Melker Karlsson Sergei Plotnikov Craig Smith 20 1 2 2
4 Michael Latta Zac Rinaldo Andrew Shaw 10 1 2 2
5 vs 5 Defense
Defense Defense Time % Phy DF OF
1 Ryan Ellis Yann Sauvé 40 1 2 2
2 Fedor Tyutin Nikita Zadorov 30 1 2 2
3 Marc-Édouard Vlasic Justin Falk 20 1 2 2
4 Ryan Ellis Yann Sauvé 10 1 2 2
PowerPlay Forward
Center Left Wing Right Wing Time % Phy DF OF
1 Frans Nielsen Brock McGinn Vladimir Tarasenko 60 1 2 2
2 William Karlsson Sergei Plotnikov Rick Nash 40 1 2 2
PowerPlay Defense
Defense Defense Time % Phy DF OF
1 Ryan Ellis Yann Sauvé 60 1 2 2
2 Fedor Tyutin Nikita Zadorov 40 1 2 2
Penalty Kill 4 Players Forward
Center Wing Time % Phy DF OF
1 Vladimir Tarasenko Rick Nash 60 1 2 2
2 Frans Nielsen Pierre-Edouard Bellemare 40 1 2 2
Penalty Kill 4 Players Defense
Defense Defense Time % Phy DF OF
1 Ryan Ellis Yann Sauvé 60 1 2 2
2 Fedor Tyutin Nikita Zadorov 40 1 2 2
Penalty Kill - 3 Players Forward
Forward Time % Phy DF OF
1 Vladimir Tarasenko 60 1 2 2
2 Rick Nash 40 1 2 2
Penalty Kill - 3 Players Defense
Defense Defense Time % Phy DF OF
1 Ryan Ellis Yann Sauvé 60 1 2 2
2 Fedor Tyutin Nikita Zadorov 40 1 2 2
4 vs 4 Forward
Center Wing Time % Phy DF OF
1 Vladimir Tarasenko Rick Nash 60 1 2 2
2 Frans Nielsen Pierre-Edouard Bellemare 40 1 2 2
4 vs 4 Defense
Defense Defense Time % Phy DF OF
1 Ryan Ellis Yann Sauvé 60 1 2 2
2 Fedor Tyutin Nikita Zadorov 40 1 2 2
Last Minutes Offensive
Center Left Wing Right Wing Defense Defense
Frans Nielsen Pierre-Edouard Bellemare Vladimir Tarasenko Ryan Ellis Yann Sauvé
Last Minutes Defensive
Center Left Wing Right Wing Defense Defense
Frans Nielsen Pierre-Edouard Bellemare Vladimir Tarasenko Ryan Ellis Yann Sauvé
Goaltenders
Starting : Ryan Miller
Backup : Keith Kinkaid
Extra Forwards
Normal : Zac Rinaldo, Craig Smith, Brock McGinn - PP : Zac Rinaldo, Craig Smith - PK : Brock McGinn
Extra Defensemen
Normal : Marc-Édouard Vlasic, Justin Falk, Fedor Tyutin - PP : Marc-Édouard Vlasic - PK : Justin Falk, Fedor Tyutin
Penalty Shots
Vladimir Tarasenko, Rick Nash, Frans Nielsen, Pierre-Edouard Bellemare, Sergei Plotnikov
Scratches
Carl Klingberg (Healthy), Jiri Hudler (Healthy), Julien Ellis (Healthy)
% Time on Ice - Avalanche
Lines # - Real PCT - Wanted PCT - Time Play
Normal Forward
1 - 32% - 35% - 15:16
2 - 29% - 30% - 13:46
3 - 24% - 20% - 11:23
4 - 16% - 15% - 7:41
Normal Defense
1 - 34% - 35% - 16:23
2 - 36% - 35% - 17:11
3 - 30% - 30% - 14:32
4 - 0% - 0% - 0:00
PP Forward
1 - 100% - 60% - 1:59
2 - 0% - 40% - 0:00
PP Defense
1 - 0% - 60% - 0:00
2 - 100% - 40% - 1:59
PK Forward
1 - 73% - 60% - 7:13
2 - 27% - 40% - 2:42
PK Defense
1 - 58% - 60% - 5:45
2 - 42% - 40% - 4:10
PK3 Forward
1 - 0% - 60%
2 - 0% - 40%
PK3 Defense
1 - 0% - 60%
2 - 0% - 40%
44 Forward
1 - 0% - 60%
2 - 0% - 40%
44 Defense
1 - 0% - 60%
2 - 0% - 40%
Last Minute Offensive - 0:00
Last Minute Defensive - 0:00
Total
Forward - 60:00
Defense - 60:00
|
% Time on Ice - Islanders
Lines # - Real PCT - Wanted PCT - Time Play
Normal Forward
1 - 34% - 40% - 16:35
2 - 26% - 30% - 12:25
3 - 21% - 20% - 10:08
4 - 19% - 10% - 8:58
Normal Defense
1 - 37% - 40% - 17:39
2 - 35% - 30% - 16:47
3 - 24% - 20% - 11:31
4 - 4% - 10% - 2:09
PP Forward
1 - 57% - 60% - 5:40
2 - 43% - 40% - 4:15
PP Defense
1 - 65% - 60% - 6:28
2 - 35% - 40% - 3:27
PK Forward
1 - 64% - 60% - 1:16
2 - 36% - 40% - 0:43
PK Defense
1 - 59% - 60% - 1:10
2 - 41% - 40% - 0:49
PK3 Forward
1 - 0% - 60%
2 - 0% - 40%
PK3 Defense
1 - 0% - 60%
2 - 0% - 40%
44 Forward
1 - 0% - 60%
2 - 0% - 40%
44 Defense
1 - 0% - 60%
2 - 0% - 40%
Last Minute Offensive - 0:00
Last Minute Defensive - 0:00
Total
Forward - 60:00
Defense - 60:00
|
Play-by-Play
1st period
0:01 of 1st period - Frans Nielsen wins face-off versus Bryan Little in neutral zone.
0:17 of 1st period - Snap shot by Mikkel Boedker.
0:17 of 1st period - Stopped by Ryan Miller without a rebound.
0:18 of 1st period - Charlie Coyle wins face-off versus William Karlsson in Islanders zone.
1:38 of 1st period - Snap shot by Melker Karlsson.
1:38 of 1st period - Shot Misses the Net.
1:40 of 1st period - Snap shot by Sergei Plotnikov.
1:40 of 1st period - Stopped by Cam Ward without a rebound.
1:41 of 1st period - Frans Nielsen wins face-off versus Charlie Coyle in Avalanche zone.
1:48 of 1st period - Icing by Charlie Coyle.
1:49 of 1st period - Frans Nielsen wins face-off versus Charlie Coyle in Avalanche zone.
2:44 of 1st period - Slapshot by Ryan Ellis.
2:44 of 1st period - Shot Misses the Net.
3:05 of 1st period - Icing by Erik Karlsson.
3:06 of 1st period - William Karlsson wins face-off versus Charlie Coyle in Avalanche zone.
4:05 of 1st period - Snap shot by Marc-Édouard Vlasic.
4:05 of 1st period - Shot Blocked by Erik Karlsson.
4:19 of 1st period - Snap shot by Charlie Coyle.
4:19 of 1st period - Shot Blocked by Michael Latta.
4:38 of 1st period - Slapshot by Erik Karlsson.
4:38 of 1st period - Shot Blocked by Marc-Édouard Vlasic.
5:06 of 1st period - Wrist shot by Michael Latta.
5:06 of 1st period - Shot Misses the Net.
5:14 of 1st period - Wrist shot by Charlie Coyle.
5:14 of 1st period - Shot Misses the Net.
5:26 of 1st period - Slapshot by Evgeny Dadonov.
5:26 of 1st period - Stopped by Ryan Miller with a rebound.
5:47 of 1st period - Slapshot by Charlie Coyle.
5:47 of 1st period - Stopped by Ryan Miller with a rebound.
6:38 of 1st period - Wrist shot by Michael Latta.
6:38 of 1st period - Deflect By Charlie Coyle.
6:38 of 1st period - Shot Blocked by Erik Karlsson.
6:38 of 1st period - Puck is out of play.
6:39 of 1st period - Bryan Little wins face-off versus William Karlsson in Avalanche zone.
6:44 of 1st period - Snap shot by Bryan Little.
6:44 of 1st period - Shot Misses the Net.
6:46 of 1st period - Snap shot by Ilya Kovalchuk.
6:46 of 1st period - Shot Blocked by William Karlsson.
7:02 of 1st period - Minor Penalty to William Karlsson for Roughing.
7:03 of 1st period - Vladimir Tarasenko wins face-off versus Bryan Little in Islanders zone.
7:10 of 1st period - Wrist shot by Mikkel Boedker.
7:10 of 1st period - Shot Misses the Net.
7:12 of 1st period - Wrist shot by Ilya Kovalchuk.
7:12 of 1st period - Shot Misses the Net.
7:14 of 1st period - Slapshot by Ilya Kovalchuk.
7:14 of 1st period - Shot Misses the Net.
7:16 of 1st period - Snap shot by Bryan Little.
7:16 of 1st period - Shot Blocked by Yann Sauvé.
7:18 of 1st period - Slapshot by Mattias Ekholm.
7:18 of 1st period - Stopped by Ryan Miller with a rebound.
7:20 of 1st period - Wrist shot by Mattias Ekholm.
7:20 of 1st period - Shot Blocked by Ryan Ellis.
9:02 of 1st period - Penalty to William Karlsson is over, William Karlsson is back on ice.
9:12 of 1st period - Slapshot by Frans Nielsen.
9:12 of 1st period - Shot Blocked by Marc Staal.
9:14 of 1st period - Backhand shot by Pierre-Edouard Bellemare.
9:14 of 1st period - Shot Blocked by Marc Staal.
9:16 of 1st period - Wrist shot by Frans Nielsen.
9:16 of 1st period - Deflect By William Karlsson.
9:16 of 1st period - Shot Misses the Net.
9:16 of 1st period - Puck is out of play.
9:17 of 1st period - Melker Karlsson wins face-off versus Kyle Turris in Avalanche zone.
9:18 of 1st period - Backhand shot by Craig Smith.
9:18 of 1st period - Stopped by Cam Ward without a rebound.
9:19 of 1st period - Kyle Turris wins face-off versus Melker Karlsson in Avalanche zone.
9:32 of 1st period - Wrist shot by Luke Witkowski.
9:32 of 1st period - Shot Hit the Post.
9:58 of 1st period - Ryan Ellis is hit by Mikkel Boedker and loses puck.
10:29 of 1st period - Minor Penalty to Tomas Fleischmann for Slashing.
10:30 of 1st period - Kyle Turris wins face-off versus Frans Nielsen in Avalanche zone.
11:53 of 1st period - Backhand shot by Martin Samuelsson.
11:53 of 1st period - Stopped by Ryan Miller with a rebound.
12:29 of 1st period - Penalty to Tomas Fleischmann is over, Tomas Fleischmann is back on ice.
12:41 of 1st period - Vincent Trocheck is hit by Andrew Shaw and loses puck.
12:48 of 1st period - Wrist shot by Andrew Shaw.
12:48 of 1st period - Shot Blocked by Tomas Fleischmann.
15:20 of 1st period - Icing by Ryan Ellis.
15:21 of 1st period - Charlie Coyle wins face-off versus Vladimir Tarasenko in Islanders zone.
15:22 of 1st period - Wrist shot by James Van Riemsdyk.
15:22 of 1st period - Shot Misses the Net.
15:43 of 1st period - Minor Penalty to Ilya Kovalchuk for Delaying the game.
15:44 of 1st period - Charlie Coyle wins face-off versus Frans Nielsen in Avalanche zone.
15:44 of 1st period - Charlie Coyle is hit by Brock McGinn.
16:37 of 1st period - Brock McGinn is hit by Kyle Turris and loses puck.
17:38 of 1st period - Kyle Turris is hit by Vladimir Tarasenko and loses puck.
17:43 of 1st period - Penalty to Ilya Kovalchuk is over, Ilya Kovalchuk is back on ice.
18:22 of 1st period - William Karlsson is hit by Mattias Ekholm and loses puck.
18:34 of 1st period - Icing by Craig Smith.
18:35 of 1st period - Charlie Coyle wins face-off versus Melker Karlsson in Islanders zone.
19:15 of 1st period - Mikkel Boedker is hit by Fedor Tyutin and loses puck.
19:38 of 1st period - Ryan Ellis is hit by Vincent Trocheck and loses puck.
19:43 of 1st period - Slapshot by Pavel Buchnevich.
19:43 of 1st period - Stopped by Ryan Miller without a rebound.
19:44 of 1st period - Kyle Turris wins face-off versus Frans Nielsen in Islanders zone.
19:47 of 1st period - Wrist shot by Luke Witkowski.
19:47 of 1st period - Deflect By Martin Samuelsson.
19:47 of 1st period - Stopped by Ryan Miller with a rebound.
19:49 of 1st period - Wrist shot by Martin Samuelsson.
19:49 of 1st period - Shot Misses the Net.
19:51 of 1st period - Wrist shot by Martin Samuelsson.
19:51 of 1st period - Shot Misses the Net.
19:57 of 1st period - Snap shot by Luke Witkowski.
19:57 of 1st period - Shot Blocked by Yann Sauvé.
19:59 of 1st period - Snap shot by Luke Witkowski.
19:59 of 1st period - Shot Blocked by Ryan Ellis.
Goals for this period are 0 for Avalanche vs 0 for Islanders.
Shots for this period are 7 for Avalanche vs 2 for Islanders.
2nd period
0:01 of 2nd period - Frans Nielsen wins face-off versus Mikkel Boedker in neutral zone.
0:04 of 2nd period - Mikkel Boedker is hit by Brock McGinn and loses puck.
0:09 of 2nd period - Wrist shot by Brock McGinn.
0:09 of 2nd period - Shot Misses the Net.
0:15 of 2nd period - Snap shot by Vladimir Tarasenko.
0:15 of 2nd period - Stopped by Cam Ward with a rebound.
0:17 of 2nd period - Wrist shot by Brock McGinn.
0:17 of 2nd period - Goal by Brock McGinn - Avalanche : 0 - Islanders : 1.
0:18 of 2nd period - Frans Nielsen wins face-off versus Bryan Little in neutral zone.
0:18 of 2nd period - Vladimir Tarasenko is hit by Ilya Kovalchuk and loses puck.
0:27 of 2nd period - Snap shot by Bryan Little.
0:27 of 2nd period - Shot Misses the Net.
1:33 of 2nd period - Snap shot by Sergei Plotnikov.
1:33 of 2nd period - Goal by Sergei Plotnikov - Avalanche : 0 - Islanders : 2.
1:34 of 2nd period - William Karlsson wins face-off versus Bryan Little in neutral zone.
2:01 of 2nd period - Joel Edmundson is hit by Yann Sauvé and loses puck.
2:28 of 2nd period - Yann Sauvé is hit by Marc Staal and loses puck.
3:27 of 2nd period - Slapshot by Charlie Coyle.
3:27 of 2nd period - Stopped by Ryan Miller without a rebound.
3:28 of 2nd period - Frans Nielsen wins face-off versus Bryan Little in Islanders zone.
3:43 of 2nd period - Snap shot by Bryan Little.
3:43 of 2nd period - Stopped by Ryan Miller with a rebound.
4:14 of 2nd period - Snap shot by Frans Nielsen.
4:14 of 2nd period - Stopped by Cam Ward with a rebound.
4:43 of 2nd period - Snap shot by Bryan Little.
4:43 of 2nd period - Shot Misses the Net.
4:57 of 2nd period - Snap shot by Bryan Little.
4:57 of 2nd period - Deflect By Mikkel Boedker.
4:57 of 2nd period - Shot Misses the Net.
4:57 of 2nd period - Puck is out of play.
4:58 of 2nd period - William Karlsson wins face-off versus Vincent Trocheck in Islanders zone.
4:58 of 2nd period - William Karlsson is hit by Vincent Trocheck.
5:56 of 2nd period - Snap shot by Andrew Shaw.
5:56 of 2nd period - Stopped by Cam Ward with a rebound.
6:14 of 2nd period - Wrist shot by Rick Nash.
6:14 of 2nd period - Shot Misses the Net.
6:54 of 2nd period - Snap shot by Sergei Plotnikov.
6:54 of 2nd period - Stopped by Cam Ward with a rebound.
7:19 of 2nd period - Nikita Zadorov is hit by Joel Edmundson and loses puck.
7:32 of 2nd period - Michael Latta is hit by Tomas Fleischmann and loses puck.
7:45 of 2nd period - Snap shot by Michael Latta.
7:45 of 2nd period - Shot Blocked by Colten Teubert.
7:47 of 2nd period - Snap shot by Andrew Shaw.
7:47 of 2nd period - Shot Blocked by Ilya Kovalchuk.
7:49 of 2nd period - Backhand shot by Zac Rinaldo.
7:49 of 2nd period - Stopped by Cam Ward with a rebound.
7:51 of 2nd period - Snap shot by Andrew Shaw.
7:51 of 2nd period - Deflect By Michael Latta.
7:51 of 2nd period - Shot Misses the Net.
7:51 of 2nd period - Puck is out of play.
7:52 of 2nd period - Kyle Turris wins face-off versus Frans Nielsen in Avalanche zone.
8:03 of 2nd period - Wrist shot by Luke Witkowski.
8:03 of 2nd period - Stopped by Ryan Miller with a rebound.
8:05 of 2nd period - Slapshot by Marc Staal.
8:05 of 2nd period - Shot Misses the Net.
8:17 of 2nd period - Brock McGinn is hit by James Van Riemsdyk and loses puck.
8:26 of 2nd period - Slapshot by Charlie Coyle.
8:26 of 2nd period - Shot Blocked by Yann Sauvé.
8:40 of 2nd period - Snap shot by Tomas Fleischmann.
8:40 of 2nd period - Shot Misses the Net.
8:42 of 2nd period - Snap shot by Vincent Trocheck.
8:42 of 2nd period - Shot Blocked by Brock McGinn.
8:44 of 2nd period - Slapshot by Vincent Trocheck.
8:44 of 2nd period - Stopped by Ryan Miller with a rebound.
8:46 of 2nd period - Wrist shot by Joel Edmundson.
8:46 of 2nd period - Shot Misses the Net.
8:48 of 2nd period - Slapshot by Colten Teubert.
8:48 of 2nd period - Deflect By Pavel Buchnevich.
8:48 of 2nd period - Shot Misses the Net.
8:48 of 2nd period - Puck is out of play.
8:49 of 2nd period - Bryan Little wins face-off versus Rick Nash in Islanders zone.
9:04 of 2nd period - Slapshot by Bryan Little.
9:04 of 2nd period - Stopped by Ryan Miller with a rebound.
9:20 of 2nd period - Snap shot by Pavel Buchnevich.
9:20 of 2nd period - Deflect By Vincent Trocheck.
9:20 of 2nd period - Shot Blocked by Marc-Édouard Vlasic.
9:20 of 2nd period - Puck is out of play.
9:21 of 2nd period - Vincent Trocheck wins face-off versus Melker Karlsson in Islanders zone.
9:36 of 2nd period - Snap shot by Vincent Trocheck.
9:36 of 2nd period - Stopped by Ryan Miller with a rebound.
9:45 of 2nd period - Icing by Fedor Tyutin.
9:46 of 2nd period - Bryan Little wins face-off versus Craig Smith in Islanders zone.
9:51 of 2nd period - Snap shot by Mikkel Boedker.
9:51 of 2nd period - Shot Blocked by Fedor Tyutin.
10:01 of 2nd period - Snap shot by Sergei Plotnikov.
10:01 of 2nd period - Stopped by Cam Ward without a rebound.
10:02 of 2nd period - Frans Nielsen wins face-off versus Vincent Trocheck in Avalanche zone.
10:05 of 2nd period - Wrist shot by Frans Nielsen.
10:05 of 2nd period - Goal by Frans Nielsen - Avalanche : 0 - Islanders : 3.
10:06 of 2nd period - Bryan Little wins face-off versus Frans Nielsen in neutral zone.
10:33 of 2nd period - Joel Edmundson is hit by Yann Sauvé.
10:39 of 2nd period - Snap shot by Pavel Buchnevich.
10:39 of 2nd period - Stopped by Ryan Miller with a rebound.
10:47 of 2nd period - Backhand shot by Rick Nash.
10:47 of 2nd period - Goal by Rick Nash - Avalanche : 0 - Islanders : 4.
10:47 of 2nd period - Semyon Varlamov enters game.
10:48 of 2nd period - Ilya Kovalchuk wins face-off versus Frans Nielsen in neutral zone.
10:56 of 2nd period - Snap shot by Vladimir Tarasenko.
10:56 of 2nd period - Stopped by Semyon Varlamov without a rebound.
10:57 of 2nd period - Frans Nielsen wins face-off versus Bryan Little in Avalanche zone.
11:04 of 2nd period - Snap shot by Frans Nielsen.
11:04 of 2nd period - Stopped by Semyon Varlamov with a rebound.
11:06 of 2nd period - Wrist shot by Vladimir Tarasenko.
11:06 of 2nd period - Shot Misses the Net.
11:08 of 2nd period - Slapshot by Ryan Ellis.
11:08 of 2nd period - Stopped by Semyon Varlamov with a rebound.
11:10 of 2nd period - Slapshot by Yann Sauvé.
11:10 of 2nd period - Stopped by Semyon Varlamov without a rebound.
11:11 of 2nd period - William Karlsson wins face-off versus Bryan Little in Avalanche zone.
12:08 of 2nd period - Luke Witkowski is hit by Yann Sauvé and loses puck.
13:02 of 2nd period - Slapshot by Erik Karlsson.
13:02 of 2nd period - Shot Blocked by Rick Nash.
14:09 of 2nd period - Wrist shot by Michael Latta.
14:09 of 2nd period - Stopped by Semyon Varlamov with a rebound.
14:26 of 2nd period - Off-side.
14:27 of 2nd period - Vincent Trocheck wins face-off versus William Karlsson in neutral zone.
15:10 of 2nd period - Wrist shot by Pavel Buchnevich.
15:10 of 2nd period - Shot Blocked by Fedor Tyutin.
15:32 of 2nd period - Snap shot by Rick Nash.
15:32 of 2nd period - Deflect By William Karlsson.
15:32 of 2nd period - Stopped by Semyon Varlamov without a rebound.
15:33 of 2nd period - Frans Nielsen wins face-off versus Bryan Little in Avalanche zone.
15:44 of 2nd period - Snap shot by Vladimir Tarasenko.
15:44 of 2nd period - Stopped by Semyon Varlamov without a rebound.
15:45 of 2nd period - Bryan Little wins face-off versus Frans Nielsen in Avalanche zone.
16:22 of 2nd period - Wrist shot by James Van Riemsdyk.
16:22 of 2nd period - Shot Blocked by Ryan Ellis.
16:24 of 2nd period - Slapshot by Marc Staal.
16:24 of 2nd period - Stopped by Ryan Miller with a rebound.
17:39 of 2nd period - Minor Penalty to Martin Samuelsson for Elbowing.
17:40 of 2nd period - Frans Nielsen wins face-off versus Charlie Coyle in Avalanche zone.
17:45 of 2nd period - Wrist shot by Frans Nielsen.
17:45 of 2nd period - Shot Blocked by Colten Teubert.
19:27 of 2nd period - Kyle Turris is hit by Frans Nielsen and loses puck.
19:39 of 2nd period - Penalty to Martin Samuelsson is over, Martin Samuelsson is back on ice.
Goals for this period are 0 for Avalanche vs 4 for Islanders.
Shots for this period are 8 for Avalanche vs 17 for Islanders.
3rd period
0:01 of 3rd period - Bryan Little wins face-off versus Frans Nielsen in neutral zone.
0:16 of 3rd period - Wrist shot by Vladimir Tarasenko.
0:16 of 3rd period - Shot Blocked by Marc Staal.
0:26 of 3rd period - Yann Sauvé is hit by Mattias Ekholm and loses puck.
0:33 of 3rd period - Mattias Ekholm is hit by William Karlsson and loses puck.
1:28 of 3rd period - Yann Sauvé is hit by Bryan Little and loses puck.
1:47 of 3rd period - Bryan Little is hit by Rick Nash and loses puck.
2:10 of 3rd period - Slapshot by Ryan Ellis.
2:10 of 3rd period - Deflect By Rick Nash.
2:10 of 3rd period - Shot Misses the Net.
2:10 of 3rd period - Puck is out of play.
2:11 of 3rd period - Charlie Coyle wins face-off versus Frans Nielsen in Avalanche zone.
2:11 of 3rd period - Charlie Coyle is hit by Frans Nielsen.
2:44 of 3rd period - Slapshot by Marc Staal.
2:44 of 3rd period - Stopped by Ryan Miller without a rebound.
2:45 of 3rd period - Melker Karlsson wins face-off versus Charlie Coyle in Islanders zone.
3:12 of 3rd period - Ilya Kovalchuk is hit by Frans Nielsen and loses puck.
3:21 of 3rd period - Wrist shot by Bryan Little.
3:21 of 3rd period - Shot Misses the Net.
4:01 of 3rd period - Frans Nielsen is hit by Pavel Buchnevich and loses puck.
5:33 of 3rd period - Off-side.
5:34 of 3rd period - James Van Riemsdyk wins face-off versus Melker Karlsson in neutral zone.
5:43 of 3rd period - Wrist shot by Charlie Coyle.
5:43 of 3rd period - Shot Misses the Net.
5:45 of 3rd period - Wrist shot by James Van Riemsdyk.
5:45 of 3rd period - Goal by James Van Riemsdyk - Avalanche : 1 - Islanders : 4.
5:46 of 3rd period - Frans Nielsen wins face-off versus Bryan Little in neutral zone.
5:49 of 3rd period - Bryan Little is hit by Vladimir Tarasenko.
6:15 of 3rd period - Snap shot by Evgeny Dadonov.
6:15 of 3rd period - Goal by Evgeny Dadonov - Avalanche : 2 - Islanders : 4.
6:16 of 3rd period - Ilya Kovalchuk wins face-off versus Frans Nielsen in neutral zone.
6:19 of 3rd period - Frans Nielsen is hit by Mikkel Boedker and loses puck.
7:04 of 3rd period - Off-side.
7:05 of 3rd period - Melker Karlsson wins face-off versus Vincent Trocheck in neutral zone.
7:08 of 3rd period - Slapshot by Fedor Tyutin.
7:08 of 3rd period - Shot Blocked by Marc Staal.
7:10 of 3rd period - Wrist shot by Sergei Plotnikov.
7:10 of 3rd period - Stopped by Semyon Varlamov without a rebound.
7:11 of 3rd period - Frans Nielsen wins face-off versus Vincent Trocheck in Avalanche zone.
7:26 of 3rd period - Snap shot by Vladimir Tarasenko.
7:26 of 3rd period - Shot Blocked by Marc Staal.
8:08 of 3rd period - Melker Karlsson is hit by Ilya Kovalchuk and loses puck.
8:40 of 3rd period - Fedor Tyutin is hit by Luke Witkowski and loses puck.
8:49 of 3rd period - Snap shot by Pierre-Edouard Bellemare.
8:49 of 3rd period - Shot Blocked by Luke Witkowski.
9:53 of 3rd period - Minor Penalty to Vincent Trocheck for Holding Stick.
9:54 of 3rd period - Charlie Coyle wins face-off versus Frans Nielsen in Avalanche zone.
10:27 of 3rd period - Slapshot by Rick Nash.
10:27 of 3rd period - Stopped by Semyon Varlamov without a rebound.
10:28 of 3rd period - Frans Nielsen wins face-off versus Charlie Coyle in Avalanche zone.
10:33 of 3rd period - Wrist shot by Frans Nielsen.
10:33 of 3rd period - Stopped by Semyon Varlamov without a rebound.
10:34 of 3rd period - Charlie Coyle wins face-off versus Vladimir Tarasenko in Avalanche zone.
11:01 of 3rd period - William Karlsson is hit by Marc Staal and loses puck.
11:10 of 3rd period - Wrist shot by Kyle Turris.
11:10 of 3rd period - Deflect By Martin Samuelsson.
11:10 of 3rd period - Shot Misses the Net.
11:10 of 3rd period - Puck is out of play.
11:11 of 3rd period - Frans Nielsen wins face-off versus Charlie Coyle in Islanders zone.
11:16 of 3rd period - Snap shot by Brock McGinn.
11:16 of 3rd period - Shot Misses the Net.
11:18 of 3rd period - Slapshot by Ryan Ellis.
11:18 of 3rd period - Shot Blocked by Colten Teubert.
11:20 of 3rd period - Slapshot by Ryan Ellis.
11:20 of 3rd period - Stopped by Semyon Varlamov with a rebound.
11:22 of 3rd period - Slapshot by Frans Nielsen.
11:22 of 3rd period - Stopped by Semyon Varlamov without a rebound.
11:23 of 3rd period - Frans Nielsen wins face-off versus Charlie Coyle in Avalanche zone.
11:40 of 3rd period - Snap shot by Martin Samuelsson.
11:40 of 3rd period - Shot Misses the Net.
11:48 of 3rd period - Wrist shot by Sergei Plotnikov.
11:48 of 3rd period - Stopped by Semyon Varlamov without a rebound.
11:49 of 3rd period - Frans Nielsen wins face-off versus Charlie Coyle in Avalanche zone.
11:53 of 3rd period - Penalty to Vincent Trocheck is over, Vincent Trocheck is back on ice.
11:58 of 3rd period - Slapshot by Vladimir Tarasenko.
11:58 of 3rd period - Shot Misses the Net.
12:20 of 3rd period - Wrist shot by Sergei Plotnikov.
12:20 of 3rd period - Stopped by Semyon Varlamov without a rebound.
12:21 of 3rd period - Melker Karlsson wins face-off versus Bryan Little in Avalanche zone.
12:30 of 3rd period - Slapshot by Ryan Ellis.
12:30 of 3rd period - Shot Misses the Net.
12:32 of 3rd period - Slapshot by Yann Sauvé.
12:32 of 3rd period - Deflect By Bryan Little.
12:32 of 3rd period - Stopped by Semyon Varlamov with a rebound.
12:34 of 3rd period - Snap shot by Yann Sauvé.
12:34 of 3rd period - Shot Misses the Net.
12:36 of 3rd period - Snap shot by Melker Karlsson.
12:36 of 3rd period - Stopped by Semyon Varlamov with a rebound.
12:38 of 3rd period - Slapshot by Ryan Ellis.
12:38 of 3rd period - Stopped by Semyon Varlamov without a rebound.
12:39 of 3rd period - Charlie Coyle wins face-off versus Frans Nielsen in Avalanche zone.
12:54 of 3rd period - Minor Penalty to James Van Riemsdyk for Hooking.
12:55 of 3rd period - Charlie Coyle wins face-off versus Frans Nielsen in Avalanche zone.
13:48 of 3rd period - Icing by Frans Nielsen.
13:49 of 3rd period - Charlie Coyle wins face-off versus Frans Nielsen in Islanders zone.
14:04 of 3rd period - Snap shot by Vladimir Tarasenko.
14:04 of 3rd period - Shot Blocked by Mattias Ekholm.
14:06 of 3rd period - Snap shot by Rick Nash.
14:06 of 3rd period - Shot Blocked by Mattias Ekholm.
14:08 of 3rd period - Wrist shot by Nikita Zadorov.
14:08 of 3rd period - Stopped by Semyon Varlamov without a rebound.
14:09 of 3rd period - Frans Nielsen wins face-off versus Charlie Coyle in Avalanche zone.
14:29 of 3rd period - Off-side.
14:30 of 3rd period - Rick Nash wins face-off versus Kyle Turris in neutral zone.
14:35 of 3rd period - Slapshot by Ryan Ellis.
14:35 of 3rd period - Shot Blocked by Marc Staal.
14:54 of 3rd period - Penalty to James Van Riemsdyk is over, James Van Riemsdyk is back on ice.
15:12 of 3rd period - Snap shot by Luke Witkowski.
15:12 of 3rd period - Deflect By Charlie Coyle.
15:12 of 3rd period - Stopped by Ryan Miller without a rebound.
15:13 of 3rd period - Frans Nielsen wins face-off versus Pavel Buchnevich in Islanders zone.
15:20 of 3rd period - Snap shot by Frans Nielsen.
15:20 of 3rd period - Stopped by Semyon Varlamov with a rebound.
15:22 of 3rd period - Snap shot by Vladimir Tarasenko.
15:22 of 3rd period - Stopped by Semyon Varlamov without a rebound.
15:23 of 3rd period - Vincent Trocheck wins face-off versus Frans Nielsen in Avalanche zone.
16:06 of 3rd period - Slapshot by Vladimir Tarasenko.
16:06 of 3rd period - Shot Blocked by Vincent Trocheck.
16:08 of 3rd period - Slapshot by Marc-Édouard Vlasic.
16:08 of 3rd period - Deflect By Tomas Fleischmann.
16:08 of 3rd period - Stopped by Semyon Varlamov with a rebound.
16:10 of 3rd period - Snap shot by Brock McGinn.
16:10 of 3rd period - Goal by Brock McGinn - Avalanche : 2 - Islanders : 5.
16:11 of 3rd period - Bryan Little wins face-off versus Pierre-Edouard Bellemare in neutral zone.
16:45 of 3rd period - Wrist shot by Sergei Plotnikov.
16:45 of 3rd period - Shot Misses the Net.
16:47 of 3rd period - Slapshot by Nikita Zadorov.
16:47 of 3rd period - Shot Blocked by Marc Staal.
16:49 of 3rd period - Slapshot by Nikita Zadorov.
16:49 of 3rd period - Stopped by Semyon Varlamov with a rebound.
17:28 of 3rd period - Snap shot by Pavel Buchnevich.
17:28 of 3rd period - Shot Blocked by Michael Latta.
17:30 of 3rd period - Slapshot by Tomas Fleischmann.
17:30 of 3rd period - Deflect By Vincent Trocheck.
17:30 of 3rd period - Stopped by Ryan Miller with a rebound.
17:32 of 3rd period - Snap shot by Pavel Buchnevich.
17:32 of 3rd period - Shot Blocked by Justin Falk.
17:43 of 3rd period - Off-side.
17:44 of 3rd period - Bryan Little wins face-off versus William Karlsson in neutral zone.
17:50 of 3rd period - Off-side.
17:51 of 3rd period - Bryan Little wins face-off versus Frans Nielsen in neutral zone.
18:18 of 3rd period - Yann Sauvé is hit by James Van Riemsdyk and loses puck.
19:05 of 3rd period - Wrist shot by Tomas Fleischmann.
19:05 of 3rd period - Shot Misses the Net.
19:07 of 3rd period - Backhand shot by Pavel Buchnevich.
19:07 of 3rd period - Stopped by Ryan Miller without a rebound.
19:08 of 3rd period - Vincent Trocheck wins face-off versus Frans Nielsen in Islanders zone.
19:23 of 3rd period - Snap shot by Tomas Fleischmann.
19:23 of 3rd period - Shot Misses the Net.
Goals for this period are 2 for Avalanche vs 1 for Islanders.
Shots for this period are 6 for Avalanche vs 16 for Islanders.
Output by the SimonT Hockey Simulator (STHS) for Francois Prevost